 Dungeon Crawl Stone Soup version 0.27.1 (webtiles) character file.

Game seed: 11097319187651784892

340 Destapler the Skirmisher (level 6, 0/99 HPs)
             Began as an Ogre Berserker on Aug 30, 2021.
             Was a Believer of Trog.
             Slain by an orc (7 damage)
             ... on level 3 of the Dungeon.
             The game lasted 00:06:10 (2525 turns).

Destapler the Skirmisher (Ogre Berserker)           Turns: 2525, Time: 00:06:10

Health: 0/99       AC:  3    Str: 24    XL:     6   Next: 56%
Magic:  7/7        EV: 10    Int:  8    God:    Trog [**....]
Gold:   149        SH:  0    Dex:  8    Spells: 5/5 levels left

rFire    . . .     SeeInvis .   a - +0 spear
rCold    . . .     Faith    .   (no shield)
rNeg     . . .     Spirit   .   b - +0 animal skin
rPois    .         Reflect  .   (helmet restricted)
rElec    .         Harm     .   (no cloak)
rCorr    .         Rampage  .   (gloves unavailable)
Will     ++...                  (boots unavailable)
Stlth    ..........             (no amulet)
HPRegen  1.26/turn              (no ring)
MPRegen  0.10/turn              (no ring)

@: berserking, strong-willed, regenerating, very quick
A: large, unfitting armour, tough skin 1
a: Renounce Religion, Berserk, Trog's Hand


You were on level 3 of the Dungeon.
You worshipped Trog.
Trog was pleased with you.
You visited 1 branch of the dungeon, and saw 3 of its levels.

You collected 149 gold pieces.

Inventory:

Hand Weapons
 a - a +0 spear (weapon)
Armour
 b - a +0 animal skin (worn)
Jewellery
 i - a ring of protection from fire
 l - a +6 ring of intelligence
Scrolls
 c - a scroll of enchant armour {unknown}
 d - a scroll of amnesia {unknown}
 e - a scroll of teleportation {unknown}
 h - 3 scrolls of identify {unknown}
 j - a scroll of enchant weapon {unknown}
 n - a scroll of noise {unknown}
Potions
 f - a potion of lignification {unknown}
 g - a potion of brilliance {unknown}
 k - a potion of berserk rage {unknown}
 m - a potion of mutation {unknown}
 o - a potion of ambrosia {unknown}


   Skills:
 + Level 5.0 Fighting
 + Level 3.3 Polearms
 + Level 2.0 Throwing
 + Level 1.5 Armour
 + Level 3.5 Dodging
 + Level 1.7 Shields
 + Level 2.4 Invocations
 + Level 1.6 Evocations


You had 5 spell levels left.
You didn't know any spells.
Your spell library was empty.

Dungeon Overview and Level Annotations

Branches:
Dungeon (3/15)

Altars:

Shops:
D:3 =

Annotations:
D:3 1 runed translucent door, Alannah's ghost, amateur DsWn


Innate Abilities, Weirdness & Mutations

You are too large for most types of armour.
You have tough skin. (AC +1)


Message History

The orc barely misses you. The orc wizard casts a spell at you.
You resist with some effort.
You hit the orc wizard but do no damage.
The orc wizard is heavily wounded.
The orc hits you with a +0 club.
The orc hits you from afar with a +0 trident.
The orc wizard hits you but does no damage.
You hit the orc wizard.
The orc wizard is severely wounded.
The orc barely misses you.
The orc hits you from afar with a +0 trident!
* * * LOW HITPOINT WARNING * * *
The orc wizard hits you with a +0 dagger.
* * * LOW HITPOINT WARNING * * *
Your skin crawls.
You feel strong-willed. The orc hits you with a +0 club.
* * * LOW HITPOINT WARNING * * *
The orc hits you from afar with a +0 trident.
* * * LOW HITPOINT WARNING * * *
The orc wizard gestures at you while chanting.
The magic dart hits you.
* * * LOW HITPOINT WARNING * * *
A red film seems to cover your vision as you go berserk!
You feel yourself moving faster!
You feel mighty! The orc hits you with a +0 club.
* * * LOW HITPOINT WARNING * * *
The orc hits you from afar with a +0 trident.
* * * LOW HITPOINT WARNING * * *
The orc wizard hits you with a +0 dagger.
* * * LOW HITPOINT WARNING * * *
You closely miss the orc wizard.
The orc wizard is heavily wounded.
The orc hits you with a +0 club.
* * * LOW HITPOINT WARNING * * *
You hit the orc wizard.
The orc wizard is almost dead.
The orc hits you from afar with a +0 trident!
You die...

.........####..##
#..............†..##.>..
#.................####..
#.................# #..
#.................# #..
#.................# ###
#.....o...........######
......oo................
#@#####........##.
#.....#........##.
####.....#######.....
..........#######.....
......................
#####.....#######.....
#.....# #..... #.....#
##..... ####### #......


You could see an orc wizard and 2 orcs.

Vanquished Creatures
  Grinder (D:3)
  Natasha (thrice) (D:2)
  An adder (D:3)
  A worm (D:2)
  A dart slug (D:3)
  2 orcs (D:3)
  5 bats
  7 endoplasms
  A giant cockroach (D:3)
  4 goblins
  2 hobgoblins (D:2)
  4 jackals (D:3)
  3 quokkas
  4 ball pythons
  A frilled lizard (D:1)
  4 kobolds
  7 rats
51 creatures vanquished.

Notes
Turn   | Place    | Note
-------+----------+-------------------------------------------
     0 | D:1      | Destapler the Ogre Berserker began the quest for the Orb.
     0 | D:1      | Reached XP level 1. HP: 24/24 MP: 1/1
   229 | D:1      | Reached XP level 2. HP: 22/32 MP: 2/2
   888 | D:1      | Found a faded altar of an unknown god.
   919 | D:2      | Noticed Natasha
   924 | D:2      | Reached ** piety under Trog
   930 | D:2      | Killed Natasha
   931 | D:2      | Reached skill level 1 in Throwing
   931 | D:2      | Reached skill level 1 in Invocations
   931 | D:2      | Reached XP level 3. HP: 39/39 MP: 3/3
   937 | D:2      | Noticed Natasha
   972 | D:2      | Killed Natasha
   973 | D:2      | Reached skill level 1 in Shields
   973 | D:2      | Reached XP level 4. HP: 49/49 MP: 4/4
  1051 | D:2      | Noticed Natasha
  1061 | D:2      | Killed Natasha
  1062 | D:2      | Reached skill level 1 in Armour
  1062 | D:2      | Reached skill level 1 in Evocations
  1766 | D:3      | Reached XP level 5. HP: 55/55 MP: 6/6
  1815 | D:3      | Found a runed translucent door.
  1816 | D:3      | Noticed Alannah's ghost (amateur DsWn)
  2225 | D:3      | Noticed Grinder
  2227 | D:3      | Found Bamaihoppu's Jewellery Shop.
  2242 | D:3      | Killed Grinder
  2243 | D:3      | Reached skill level 5 in Fighting
  2243 | D:3      | Reached XP level 6. HP: 66/66 MP: 7/7
  2525 | D:3      | Slain by an orc

Illustrated notes

Levels and vault maps discovered:
D:1:      dpeg_arrival_erosion, layout_loops_ring, basic_ecumenical_altar
D:2:      layout_rooms, uniq_natasha
D:3:      layout_basic, ebering_ghost_inner_flame, serial_shops,
          nicolae_diamond_shop, minivault_27, uniq_grinder

Skill      XL: |  1  2  3  4  5 |
---------------+----------------+-----
Throwing       | 1 2 |  2.0
Dodging        | 3 |  3.5
Invocations    | 1 2 |  2.4
Shields        | 1 |  1.7
Armour         | 1 |  1.5
Evocations     | 1 |  1.6
Fighting       | 5 |  5.0
Polearms       | |  3.3

Action                   |  1- 3 |  4- 6 || total
-------------------------+-------+-------++-------
Melee: Spear             |    85 |   125 ||   210
Invok: Berserk           |     2 |     5 ||     7
       Trog's Hand       |       |     2 ||     2
Armor: Animal skin       |    18 |    28 ||    46
Dodge: Dodged            |    40 |    67 ||   107
